 Dungeon Crawl Stone Soup version 0.26-a0-1131-g5f66e2dd50 (webtiles) character file.

Game seed: 3819830055625531312

8598 Flubber the Basher (level 11, -6/99 HPs)
             Began as a Minotaur Berserker on Dec 19, 2020.
             Was a High Priest of Trog.
             Killed from afar by a scorpion (16 damage)
             ... with an exploding inner flame
             ... on level 9 of the Dungeon.
             The game lasted 00:34:54 (8302 turns).

Flubber the Basher (Minotaur Berserker)             Turns: 8302, Time: 00:34:54

Health: -6/99      AC:  8    Str: 30    XL:     11   Next: 12%
Magic:  10/10      EV: 16    Int:  4    God:    Trog [*****.]
Gold:   423        SH:  0    Dex: 11    Spells: 10/10 levels left

rFire    . . .     SeeInvis .   b - +2 whip (venom)
rCold    x . .     Faith    .   (no shield)
rNeg     . . .     Spirit   .   E - +3 leather armour of Parlour Games {Rampage rElec rC- Regen+}
rPois    .         Reflect  .   (helmet restricted)
rElec    +         Harm     .   (no cloak)
rCorr    .         Rampage  +   G - +0 pair of gloves
Will     +....                  (no boots)
Stlth    +.........             C - amulet of magic regeneration
HPRegen  0.66/turn              d - +6 ring of strength
MPRegen  0.37/turn              p - ring of willpower

@: no status effects
A: retaliatory headbutt, horns 2
a: Renounce Religion, Berserk, Trog's Hand, Brothers in Arms


You were on level 9 of the Dungeon.
You worshipped Trog.
Trog was extremely pleased with you.
You visited 1 branch of the dungeon, and saw 9 of its levels.

You collected 423 gold pieces.

Inventory:

Hand Weapons
 a - a +4 whip of freezing
 b - a +2 whip of venom (weapon)
 v - a +0 war axe
 A - a +2 whip of electrocution
 I - a +1 mace
 N - a +0 flail of holy wrath
 Q - a +1 vorpal flail
Missiles
 f - 7 boomerangs
 h - 4 javelins (quivered)
 q - 34 bolts
 z - 3 throwing nets
Armour
 g - a +0 ring mail
 B - a +0 scale mail
 E - the +3 leather armour of Parlour Games (worn) {Rampage rElec rC- Regen+}
   (You found it on level 5 of the Dungeon)

   It makes you vulnerable to cold.
   It insulates you from electricity.
   It increases your rate of regeneration.
   It bestows one free step when moving towards enemies.
 G - a +0 pair of gloves (worn)
 R - the cursed +1 scale mail of Instinct {rF- Str+10 Int+3, unknown}
   (You found it on level 9 of the Dungeon)

   It affects your strength (+10).
   It affects your intelligence (+3).
   It makes you vulnerable to fire.
   It has a curse placed upon it.
Jewellery
 d - a +6 ring of strength (left hand)
 k - an uncursed ring of wizardry
 p - a ring of willpower (right hand)
 C - an amulet of magic regeneration (around neck)
 M - an uncursed ring of stealth
Wands
 r - a wand of polymorph (10)
 y - a wand of acid (20)
 F - a wand of random effects (20)
 K - a wand of digging (13)
Scrolls
 c - 4 scrolls of fear
 e - 3 scrolls of identify
 m - a scroll of magic mapping {unknown}
 s - 3 scrolls of remove curse
 t - 3 scrolls of enchant weapon
 w - 2 scrolls of immolation
 x - a scroll of random uselessness {unknown}
 L - 2 scrolls of teleportation {unknown}
 O - a scroll of blinking {unknown}
Potions
 i - a potion of heal wounds
 j - 3 potions of cancellation {unknown}
 l - 5 potions of magic {unknown}
 n - 3 potions of curing {unknown}
 o - a potion of might {unknown}
 u - 3 potions of flight {unknown}
 D - a potion of attraction {unknown}
 H - a potion of ambrosia {unknown}
 J - 2 potions of berserk rage
 P - a potion of lignification {unknown}
Miscellaneous
 S - a phial of floods


   Skills:
 + Level 10.0 Fighting
 * Level 13.1 Maces & Flails
 + Level 9.6 Armour
 + Level 8.8 Dodging


You had 10 spell levels left.
You didn't know any spells.
Your spell library was empty.

Dungeon Overview and Level Annotations

Branches:
Dungeon (9/15)             Temple (0/1) D:6
   Lair: D:8-11         Orc: D:9-12

Altars:
Gozag
Qazlal
Sif Muna
Uskayaw
Vehumet
Xom
The Shining One

Shops:
D:3 *


Innate Abilities, Weirdness & Mutations

You reflexively headbutt those who attack you in melee.
You have a pair of horns on your head.


Message History

Flame seeps out of the centaur warrior.
The centaur warrior hits you!
The scorpion stings you but does no damage.
The quokka barely misses you. You furiously retaliate!
You headbutt the quokka.
Flame seeps out of the quokka.
Flame seeps out of the centaur warrior.
The centaur warrior is engulfed in blazing flames.
Flame seeps out of the centaur warrior.
The centaur warrior wields a +0 longbow.
The centaur warrior shoots an arrow.
The arrow hits you! Something hits you but does no damage.
The quokka is engulfed in blazing flames.
Trog accepts your kill.
The quokka explodes!
The fiery explosion engulfs the scorpion!!!
Trog accepts your kill. The fiery explosion engulfs you!!!
* * * LOW HITPOINT WARNING * * *
The scorpion explodes!
The fiery explosion engulfs you!
You die...

##)##.#.#
#†..#...###########
##...##.............
#..#..#.............
##.)...##....).......
#..#.#..#..#..#######
##.......##....#
#..#(#.#..#....#
#......@§§##...###
######§○§#####...###
#.##.c# ###...### #.#
#..# .###...### #.#
#.### ...###...# #.#
#.# #..###.. #.# #.#
#....## ## #.#
#..###.. #c#
...###...#


You could see a centaur warrior (inner flame, extremely poisoned).

Vanquished Creatures
  A queen ant (D:8)
  A two-headed ogre (D:9)
  A gargoyle (D:9)
  Prince Ribbit (D:5)
  20 soldier ants (D:8)
  Duvessa (D:5)
  A sky beast (D:5)
  An orc warrior (D:8)
  An ice beast (D:5)
  2 necrophages
  2 ogres
  3 phantoms
  5 centaurs
  3 bullfrogs
  A gnoll sergeant (D:6)
  2 scorpions
  Dowan (D:5)
  6 killer bees (D:7)
  9 wights
  3 howler monkeys
  2 hounds
  A centaur zombie (D:5)
  A bullfrog skeleton (D:8)
  A gnoll shaman (D:5)
  4 orc priests
  Crazy Yiuf (D:5)
  2 bullfrog zombies
  2 centaur skeletons (D:8)
  15 orc wizards
  Terence (D:3)
  Jessica (D:3)
  4 iguanas
  Natasha (thrice) (D:2)
  27 worker ants
  A hound zombie (D:7)
  A howler monkey zombie (D:7)
  8 gnolls
  A worker ant zombie (D:6)
  13 adders
  2 shadow imps
  2 white imps
  3 ufetubi
  An adder zombie (D:9)
  4 adder skeletons
  5 worms
  2 dart slugs (D:2)
  6 leopard geckos
  47 orcs
  8 bats
  4 giant cockroaches
  6 hobgoblins
  6 jackals
  9 kobolds
  5 quokkas
  2 frilled lizards (D:1)
  10 goblins
  A leopard gecko skeleton (D:4)
  7 rats
284 creatures vanquished.

Vanquished Creatures (others)
  A worm (D:2)
1 creature vanquished.

Grand Total: 285 creatures vanquished

Notes
Turn   | Place    | Note
-------+----------+-------------------------------------------
     0 | D:1      | Flubber the Minotaur Berserker began the quest for the Orb.
     0 | D:1      | Reached XP level 1. HP: 19/19 MP: 0/0
   301 | D:1      | Reached skill level 4 in Maces & Flails
   301 | D:1      | Reached XP level 2. HP: 24/27 MP: 1/1
   661 | D:2      | Reached XP level 3. HP: 19/33 MP: 2/2
  1129 | D:2      | Reached XP level 4. HP: 27/40 MP: 3/3
  1408 | D:2      | Noticed Natasha
  1416 | D:2      | Killed Natasha
  1416 | D:2      | Reached ** piety under Trog
  1473 | D:2      | Found a stormy altar of Qazlal.
  1475 | D:2      | Noticed Natasha
  1485 | D:2      | Killed Natasha
  1486 | D:2      | Reached skill level 5 in Maces & Flails
  1530 | D:2      | Noticed Natasha
  1537 | D:2      | Killed Natasha
  1538 | D:2      | Reached XP level 5. HP: 36/47 MP: 4/4
  1994 | D:3      | Noticed Terence
  2007 | D:3      | Killed Terence
  2139 | D:3      | Found a radiant altar of Vehumet.
  2201 | D:3      | Reached *** piety under Trog
  2359 | D:3      | Found an opulent altar of Gozag.
  2360 | D:3      | Found Gozag's Platinum Reserve.
  2368 | D:3      | Reached XP level 6. HP: 55/55 MP: 5/5
  2567 | D:3      | Noticed Jessica
  2571 | D:3      | Killed Jessica
  2572 | D:3      | Reached skill level 6 in Maces & Flails
  2741 | D:4      | Reached skill level 5 in Fighting
  3160 | D:4      | Reached XP level 7. HP: 45/61 MP: 6/6
  3791 | D:5      | Entered Level 5 of the Dungeon
  3871 | D:5      | Reached skill level 7 in Maces & Flails
  3895 | D:5      | Reached skill level 5 in Armour
  3968 | D:5      | Got a translucent leather armour
  3979 | D:5      | Identified the +3 leather armour of Parlour Games {Rampage
                  | rElec rC- Regen+} (You found it on level 5 of the Dungeon)
  3991 | D:5      | Reached **** piety under Trog
  4011 | D:5      | Reached skill level 8 in Maces & Flails
  4011 | D:5      | Reached XP level 8. HP: 60/70 MP: 7/7
  4019 | D:5      | Reached skill level 5 in Dodging
  4302 | D:5      | Noticed Prince Ribbit
  4357 | D:5      | Noticed Dowan
  4371 | D:5      | Killed Dowan
  4492 | D:5      | Found a hide-covered altar of Uskayaw.
  4493 | D:5      | Noticed a +0 hand axe
  4493 | D:5      | Noticed a +0 hand axe
  4584 | D:5      | Found a runed translucent door.
  4585 | D:5      | Noticed Crazy Yiuf
  4596 | D:5      | Killed Crazy Yiuf
  4677 | D:5      | Noticed Duvessa
  4697 | D:5      | Killed Duvessa
  4698 | D:5      | Reached skill level 9 in Maces & Flails
  4852 | D:5      | Killed Prince Ribbit
  5257 | D:6      | Reached XP level 9. HP: 79/79 MP: 8/8
  5525 | D:6      | Found a staircase to the Ecumenical Temple.
  5582 | D:6      | Reached skill level 10 in Maces & Flails
  6315 | D:7      | Reached ***** piety under Trog
  6648 | D:7      | Reached skill level 11 in Maces & Flails
  6881 | D:8      | Found a glowing golden altar of the Shining One.
  6882 | D:8      | Found a shimmering blue altar of Sif Muna.
  7119 | D:8      | Reached XP level 10. HP: 90/90 MP: 9/9
  7158 | D:8      | Noticed a queen ant
  7203 | D:8      | Killed a queen ant
  7204 | D:8      | Reached skill level 12 in Maces & Flails
  7842 | D:8      | Found a shimmering altar of Xom.
  8125 | D:9      | Received a gift from Trog
  8139 | D:9      | Noticed a two-headed ogre
  8143 | D:9      | Noticed a gargoyle
  8150 | D:9      | Reached XP level 11. HP: 94/99 MP: 10/10
  8153 | D:9      | Killed a two-headed ogre
  8154 | D:9      | Reached skill level 13 in Maces & Flails
  8166 | D:9      | Reached skill level 10 in Fighting
  8287 | D:9      | Noticed a centaur warrior
  8290 | D:9      | Got a distressingly furry scale mail
  8302 | D:9      | Killed from afar by a scorpion

Illustrated notes

Levels and vault maps discovered:
D:1:      matt_arrival_spirals, layout_basic
D:2:      layout_rooms, old_standard_altar, uniq_natasha
D:3:      layout_loops_ring, nicolae_gozag_zags_fifth_avenue,
          old_standard_altar, hangedman_abyss_or_decor_stabs, uniq_terence,
          uniq_jessica
D:4:      minmay_recursive_quarters, layout_basic, hangedman_decor_push
D:5:      minmay_chambers_of_threes, layout_cave_pools, dancing_weapons_uskayaw,
          uniq_prince_ribbit1, uniq_crazy_yiuf_cottage, uniq_duvessa
D:6:      layout_loops_corners, temple_green, minmay_misc_feat_chi,
          kennysheep_generic_room_15
D:7:      layout_basic
D:8:      layout_rooms, gammafunk_temple_overflow_statue, kennysheep_mini,
          minivault_29
D:9:      minmay_the_grid_four_pointed_star
          [minmay_the_grid_triangle_9x9_negative_grid,
          minmay_the_grid_triangle_9x9_zippers_horizontal,
          minmay_the_grid_triangle_9x9_intruding_spiral,
          minmay_the_grid_triangle_9x9_wacky_v,
          minmay_the_grid_prize_four_corners_diamond_b], layout_long_grid,
          kennysheep_little_box, ebering_ghost_gozag, hangedman_feature_mirror

Skill      XL: |  1  2  3  4  5  6  7  8  9 10 11 |
---------------+----------------------------------+-----
Maces & Flails | 4 5 6 8 9 11 12 13 | 13.1
Fighting       | 4 5 6 7 8 9 10 | 10.0
Armour         | 3 4 5 6 8 9 |  9.6
Dodging        | 3 4 6 7 8 |  8.8

Action                   |  1- 3 |  4- 6 |  7- 9 | 10-12 || total
-------------------------+-------+-------+-------+-------++-------
Melee: Mace              |    50 |   140 |    11 |       ||   201
       Headbutt          |    13 |    23 |    92 |    71 ||   199
       Whip              |       |       |   384 |   244 ||   628
Throw: Javelin           |       |       |     5 |     2 ||     7
       Boomerang         |       |       |     2 |       ||     2
Invok: Berserk           |     2 |     1 |     5 |       ||     8
  Use: Scroll            |     1 |     3 |     4 |     1 ||     9
Armor: Animal skin       |     5 |       |       |       ||     5
       Ring mail         |       |    41 |    16 |       ||    57
       Leather armour    |       |       |    49 |    21 ||    70
Dodge: Dodged            |    32 |   104 |   150 |    76 ||   362

Table legend: (Time is in decaauts)
 A = Elapsed time spent in this place.
 B = Non-inter-level travel time spent in this place.
 C = Inter-level travel time spent in this place.
 D = Time resting spent in this place.
 E = Time spent auto-exploring this place.
 F = Levels seen in this place.
 G = Mean time per level.
                   A        B        C        D        E       F      G
               +--------+--------+--------+--------+--------+-----+--------+
         Total |   8130 |   7782 |    348 |   1431 |   4660 |   9 |  903.3 |
       Dungeon |   8130 |   7782 |    348 |   1431 |   4660 |   9 |  903.3 |
               +--------+--------+--------+--------+--------+-----+--------+

Top non-repeatable levels by time:
     D:4: 1187 daAuts
     D:2: 1119 daAuts
     D:5: 1091 daAuts
     D:8: 1031 daAuts
     D:6: 1020 daAuts
     D:1: 890 daAuts
     D:7: 819 daAuts
     D:3: 715 daAuts
     D:9: 254 daAuts
